 Seeded DCSS version 0.29-a0-334-gb41bcbb86e (webtiles) character file.

Game seed: 16680347543535142200 (custom seed)

583 zeratav the Insei (level 7, 0/42 (46) HPs)
             Began as an Octopode Transmuter on Apr 14, 2022.
             Slain by a wight
             ... wielding a +3 scimitar of freezing
              (6 damage)
             ... on level 5 of the Dungeon.
             The game lasted 00:14:46 (5650 turns).

zeratav the Insei (Octopode Transmuter)             Turns: 5650, Time: 00:14:46

HP:   0/42 (46)     AC:  2    Str: 15    XL:     7   Next: 37%
MP:   0/10          EV: 22    Int: 16    God:
Gold: 205           SH:  0    Dex: 23    Spells: 3/10 levels left

rFire   . . .      SeeInvis +     - Unarmed
rCold   . . .      Faith    .   (shield currently unavailable)
rNeg    . . .      Spirit   +   (helmet currently unavailable)
rPois   .          Reflect  .   o - amulet of guardian spirit
rElec   .          Harm     .   h - ring of Womuz {*Corrode rPois Str+6 Dex+4 SInv}
rCorr   .          Rampage  .   l - ring of wizardry
Will    .....                   (no ring)
Stlth   +++.......              (no ring)
HPRegen 0.14/turn               (no ring)
MPRegen 0.12/turn               (no ring)
                                (no ring)
                                (no ring)

@: spider-form, drained
A: venomous fangs, almost no armour, (amphibious), 8 rings, tiny, (camouflage
1), (gelatinous body 1), (nimble swimmer 1), (tentacles)
a: End Transformation


You were on level 5 of the Dungeon.
You were a venomous arachnid creature.
You visited 1 branch of the dungeon, and saw 5 of its levels.

You collected 205 gold pieces.


Innate Abilities, Weirdness & Mutations

You are a venomous arachnid creature.
You have poisonous fangs.
You are tiny and dextrous.
Your spellcasting is less reliable in this form.
Your armour is entirely melded.
You are incapable of wielding weapons or throwing items.
You cannot wear most types of armour.
((You are amphibious.))
You can wear up to eight rings at the same time.
((Your skin changes colour to match your surroundings (Stealth+).))
((Your rubbery body absorbs attacks. (AC +1, EV +1)))
((You are camouflaged when in or above water. (Stealth+)))
((You have tentacles for arms and can constrict up to eight enemies at once.))


   Skills:
 + Level 3.1 Fighting
 + Level 3.6 Dodging
 + Level 4.1 Stealth
 * Level 5.3 Unarmed Combat
 - Level 2.0 Spellcasting
 + Level 2.8 Transmutations
 + Level 1.7 Ice Magic


You had 3 spell levels left.
You knew the following spells:

 Your Spells              Type           Power      Damage    Failure   Level
a - Ice Form              Ice/Tmut       8%         N/A       47%         4
b - Spider Form           Tmut/Pois      6%         N/A       26%         3

Your spell library contained the following spells:

 Spells                   Type           Power      Damage    Failure   Level
 Beastly Appendage        Tmut           20%        N/A       8%          1
 Wereblood                Tmut           10%        N/A       10%         2
 Ozocubu's Armour         Ice            7%         N/A       24%         3
 Ignite Poison            Fire/Tmut/Pois 4%         N/A       30%         3
 Mephitic Cloud           Conj/Pois/Air  1%         N/A       38%         3
 Animate Dead             Necr           0%         N/A       75%         4
 Olgreb's Toxic Radiance  Pois           1%         N/A       75%         4
 Freezing Cloud           Conj/Ice/Air   1%         6-21      92%         5
 Simulacrum               Ice/Necr       2%         N/A       100%        6
 Haunt                    Necr/Summ      0%         N/A       100%        7
 Infestation              Necr           0%         N/A       100%        8

Inventory:

Jewellery
 h - the ring of Womuz (left front leg) {*Corrode rPois Str+6 Dex+4 SInv}
   (You found it on level 2 of the Dungeon)

   [ring of strength]

   Str:       It affects your strength (+6).
   Dex:       It affects your dexterity (+4).
   rPois:     It protects you from poison.
   SInv:      It lets you see invisible.
   *Corrode:  It may corrode you when you take damage.
 l - a ring of wizardry (right front leg)
   (You found it on level 2 of the Dungeon)
 o - an amulet of guardian spirit (around neck)
   (You found it on level 3 of the Dungeon)
Scrolls
 b - 2 scrolls of teleportation {@r4}
 e - 2 scrolls of enchant armour {unknown}
 g - 2 scrolls of silence {unknown}
 i - a scroll of magic mapping {unknown}
 j - 2 scrolls of enchant weapon {unknown}
Potions
 a - a potion of lignification {!q}
 c - a potion of attraction {unknown}
 d - 3 potions of curing {unknown}
 f - a potion of might {unknown}
 k - 2 potions of heal wounds {unknown}
 m - a potion of brilliance {unknown}
 n - a potion of mutation {unknown}
 p - a potion of haste {unknown}
 q - a potion of degeneration {unknown}

Dungeon Overview and Level Annotations

Branches:
Dungeon (5/15)
 Temple: D:4-7

Altars:
Kikubaaqudgha
Xom

Shops:
D:4 : D:5

* #.......# #.# ........#
#.#########
#..##.######.#.......#
#............#.......# ###
##.....#######.#####.#### ##..
####...# ##.##.......####...
..#####...# #................#.
..........# #........#.#####...
.######...# #)s......#.# ####
#..>#####z###.####.#### .
#...##)...............####
#.###...##)##.##....##.#.....#
...............#.#..##.#.....#
....o..........#....##.......#
................#.##.####.....#
...###...##.##.##.##..........#
### #...##....).....##########


You could see a wight.


Message History

You take 2 damage, and now have 39/41 hp.
You hit the orc.
The orc is poisoned.
The orc shoots an arrow.
The arrow barely misses you.
The orc priest shouts!
The orc completely misses you.
The orc shoots an arrow.
The arrow hits you.
Things that are here:
a +0 mace {mace}; 6 boomerangs {throwing}; a +0 robe HP[-4] MP[-1]
You take 4 damage, and now have 35/41 hp.
You lost 1 mp, and now have 4/10 mp.
You kill the orc!
The orc shoots an arrow.
The arrow misses you.
The orc shoots an arrow.
The arrow closely misses you.
Things that are here:
a +0 club {mace}; 22 stones {throwing}; 6 gold pieces Your transformation is almost over.
MP[+1] HP[+1]
The orc priest looks satisfied for a moment.
The orc hits you with a +0 hand axe!
HP[-7]
You take 7 damage, and now have 29/41 hp.
You bite the orc!
You kill the orc!
The orc shoots an arrow.
The arrow misses you.
The orc priest mumbles some strange prayers to Beogh against you.
Beogh smites you!
* * * LOW HITPOINT WARNING * * *
The orc unwields a +0 shortbow.
The orc wields a +0 club.
The orc completely misses you.
Things that are here:
a +0 hand axe {axe}; a scroll labelled XUERRI REEB HP[-10] MP[-1]
You take 10 damage, and now have 19/41 hp.
MASSIVE DAMAGE!! (PAUSE)
You lost 1 mp, and now have 4/10 mp.
You barely miss the orc. You hit the orc but do no damage.
The orc is poisoned.
The orc hits you with a +0 club.
* * * LOW HITPOINT WARNING * * *
HP[-1]
You take 1 damage, and now have 18/41 hp.
You hit the orc.
Your transformation has ended.
The orc priest misses you. The orc hits you with a +0 club.
HP[+1]
Casting: Spider Form (dangerous; 14% risk of failure)
Confirm with . or Enter, or press ? or * to list all spells.
You turn into a venomous arachnid creature.
The orc priest closely misses you. The orc misses you.
MP[-3]
You lost 3 mp, and now have 1/10 mp.
You hit the orc.
You kill the orc!
The orc priest looks braver for a moment.
You hit the orc priest.
The orc priest is poisoned.
The orc priest completely misses you.
You bite the orc priest! You hit the orc priest.
You kill the orc priest!
You now have 42 max hp (+1).
You start resting.
Your transformation is almost over.
Your transformation has ended.
HP[+2] MP[+1]
You regained 2 hp, and now have 21/42 hp.
You start resting.
A wight is nearby!
A wight is nearby!
HP[+7] MP[+7]
You regained 7 hp, and now have 28/42 hp.
You regained 7 mp, and now have 9/10 mp.
Casting: Spider Form (dangerous; 14% risk of failure)
Confirm with . or Enter, or press ? or * to list all spells.
You turn into a venomous arachnid creature.
The wight barely misses you.
HP[+1] MP[-3]
You lost 3 mp, and now have 6/10 mp.
You hit the wight.
The wight hits you with a +3 scimitar of freezing!
* * * LOW HITPOINT WARNING * * *
The wight freezes you.
* * * LOW HITPOINT WARNING * * *
HP[-10] MP[-2]
You take 10 damage, and now have 19/42 hp.
MASSIVE DAMAGE!! (PAUSE)
You lost 2 mp, and now have 4/10 mp.
You barely miss the wight. The wight closely misses you.
You barely miss the wight.
The wight hits you with a +3 scimitar of freezing!
* * * LOW HITPOINT WARNING * * *
The wight freezes you.
* * * LOW HITPOINT WARNING * * *
HP[-13] MP[-3]
You take 13 damage, and now have 6/42 hp.
MASSIVE DAMAGE!! (PAUSE)
You lost 3 mp, and now have 1/10 mp.
You barely miss the wight.
The wight hits you with a +3 scimitar of freezing!
You die...

Skill      XL: |  1  2  3  4  5  6  7 |
---------------+----------------------+-----
Stealth        | 1 2 3 4 |  4.1
Fighting       | 2 3 |  3.1
Dodging        | 3 |  3.6
Unarmed Combat | 4 5 |  5.3
Ice Magic      | 1 |  1.7
Spellcasting   | |  2.0
Transmutations | |  2.8

Action                   |  1- 3 |  4- 6 |  7- 9 || total
-------------------------+-------+-------+-------++-------
Melee: Unarmed           |    54 |    91 |    38 ||   183
       Constrict         |    13 |     6 |     1 ||    20
       Kick              |    10 |       |       ||    10
       Tentacles         |     6 |     4 |     1 ||    11
       Punch             |     1 |     2 |     1 ||     4
 Cast: Beastly Appendage |    20 |     2 |       ||    22
       Spider Form       |     2 |    18 |     8 ||    28
  Use: Scroll            |       |     6 |     1 ||     7
 Stab: Sleeping          |     3 |     2 |       ||     5
Armor: Skin              |     5 |     4 |       ||     9
Dodge: Dodged            |    40 |    96 |    32 ||   168

Levels and vault maps discovered:
D:1:      lemuel_arrival_funnel, layout_rooms,
          dreamdust_ecumenical_altar_hidden_monk_grotto,
          hangedman_abyss_or_decor_lesser_grid
D:2:      layout_basic
D:3:      due_chaos_kobolds, layout_basic
D:4:      layout_rooms, tgw_kikubaaqudgha, serial_curves, eino_curves_01,
          eino_curves_02, eino_curves_04, eino_curves_04, st_stairs_3,
          nicolae_take_the_stairs
D:5:      layout_loops_cross, serial_shops, nicolae_shop_hallway_plus

Notes
Turn   | Place    | Note
-------+----------+-------------------------------------------
     0 | D:1      | zeratav the Octopode Transmuter began the quest for the
                  | Orb.
     0 | D:1      | Reached XP level 1. HP: 13/13 MP: 3/3
     0 | D:1      | magus.rc [v1.9.6]
   263 | D:1      | Reached XP level 2. HP: 18/18 MP: 3/5
   387 | D:1      | You add the spells Ozocubu's Armour, Olgreb's Toxic
                  | Radiance and Simulacrum to your library.
   387 | D:1      | Got the Grimoire of Cold and Envenoming
   581 | D:1      | Found a faded altar of an unknown god.
   858 | D:2      | Reached skill level 1 in Stealth
   873 | D:2      | Identified the ring of Womuz {*Corrode rPois Str+6 Dex+4
                  | SInv}
   943 | D:2      | You pick up a book of Death and begin reading...
   943 | D:2      | You add the spells Animate Dead, Haunt and Infestation to
                  | your library.
  1130 | D:2      | Reached XP level 3. HP: 16/23 MP: 4/6
  1233 | D:2      | Learned a level 3 spell: Spider Form
  1681 | D:2      | Reached skill level 2 in Stealth
  1954 | D:3      | Reached XP level 4. HP: 26/29 MP: 3/7
  2022 | D:3      | Found a large runed translucent door.
  2022 | D:3      | Found a large runed translucent door.
  2027 | D:3      | Found a shimmering altar of Xom.
  3012 | D:4      | Noticed a black bear
  3021 | D:4      | Killed a black bear
  3022 | D:4      | Reached skill level 2 in Fighting
  3022 | D:4      | Reached skill level 3 in Dodging
  3022 | D:4      | Reached skill level 3 in Stealth
  3022 | D:4      | Reached skill level 4 in Unarmed Combat
  3022 | D:4      | Reached XP level 5. HP: 21/35 MP: 0/8
  3225 | D:4      | Noticed a phantom
  3332 | D:4      | Learned a level 4 spell: Ice Form
  3369 | D:4      | Found an ancient bone altar of Kikubaaqudgha.
  3444 | D:4      | You add the spells Ignite Poison, Mephitic Cloud and
                  | Freezing Cloud to your library.
  3641 | D:4      | Noticed a human
  3642 | D:4      | Killed a human
  3662 | D:4      | Killed a phantom
  3663 | D:4      | Reached XP level 6. HP: 26/41 MP: 2/9
  3780 | D:4      | Reached skill level 1 in Ice Magic
  3859 | D:4      | Found Ceapt's Book Shop.
  4023 | D:5      | Entered Level 5 of the Dungeon
  4078 | D:5      | HP: 9/41 [gnoll/+0 halberd (15)]
  4485 | D:5      | Reached skill level 5 in Unarmed Combat
  4550 | D:5      | Found Xaih's Assorted Antiques.
  4788 | D:5      | Reached XP level 7. HP: 35/45 MP: 6/10
  5021 | D:5      | Reached skill level 3 in Fighting
  5025 | D:5      | HP: 11/44 [wight/+0 mace (3)]
  5027 | D:5      | HP: 3/42 [wight/+0 mace (8)]
  5393 | D:5      | Reached skill level 4 in Stealth
  5649 | D:5      | HP: 9/42 [wight/+3 scimitar of freezing (10)]
  5650 | D:5      | Slain by a wight

Vanquished Creatures
  A black bear (D:4)
  A phantom (D:4)
  2 wights (D:5)
  An orc priest (D:5)
  2 hounds (D:5)
  An orc wizard (D:4)
  2 iguanas
  7 gnolls
  2 adders
  A white imp (D:5)
  A worm (D:2)
  5 orcs
  4 ball pythons
  4 endoplasms
  A giant cockroach (D:3)
  4 goblins
  9 hobgoblins
  9 kobolds
  A quokka (D:2)
  4 bats
  3 frilled lizards
  A rat (D:1)
66 creatures vanquished.

Vanquished Creatures (others)
  A human (D:4)
1 creature vanquished.

Grand Total: 67 creatures vanquished

Table legend:
 A = Non-vault XP
 B = Vault XP
 C = Vault XP percentage of total XP
 D = Non-vault monster count
 E = Vault monster count
 F = Vault count percentage of total count
                 A         B        C        D         E       F
            +---------+---------+-------+---------+---------+-------
      Total |     698 |     135 |  16.2 |      60 |       6 |   9.1
            +---------+---------+-------+---------+---------+-------
        D:1 |      13 |       0 |   0.0 |       8 |       0 |   0.0
        D:2 |      66 |       0 |   0.0 |      16 |       0 |   0.0
        D:3 |      31 |       5 |  13.9 |      11 |       4 |  26.7
        D:4 |     207 |     130 |  38.6 |      11 |       2 |  15.4
        D:5 |     381 |       0 |   0.0 |      14 |       0 |   0.0
            +---------+---------+-------+---------+---------+-------

Illustrated notes

Table legend:
 A = Kills in this place as a percentage of kills in entire the game.
 B = Kills by you in this place as a percentage of kills by you in the entire game.
 C = Kills by friends in this place as a percentage of kills by friends in the entire game.
 D = Other kills in this place as a percentage of other kills in the entire game.
 E = Experience gained in this place as a percentage of experience gained in the entire game.
 F = Experience gained in this place divided by the number of levels of this place that you have seen.
                   A       B       C       D       E      F
               +-------+-------+-------+-------+-------+----------------------
         Total | 100.0 | 100.0 |   N/A |   N/A | 100.0 | 166.6
       Dungeon | 100.0 | 100.0 |   N/A |   N/A | 100.0 | 166.6
               +-------+-------+-------+-------+-------+----------------------

Table legend: (Time is in decaauts)
 A = Elapsed time spent in this place.
 B = Non-inter-level travel time spent in this place.
 C = Inter-level travel time spent in this place.
 D = Time resting spent in this place.
 E = Time spent auto-exploring this place.
 F = Levels seen in this place.
 G = Mean time per level.
                   A        B        C        D        E       F      G
               +--------+--------+--------+--------+--------+-----+--------+
         Total |   5637 |   5262 |    375 |   2017 |   1758 |   5 | 1127.4 |
       Dungeon |   5637 |   5262 |    375 |   2017 |   1758 |   5 | 1127.4 |
               +--------+--------+--------+--------+--------+-----+--------+

Top non-repeatable levels by time:
     D:4: 1333 daAuts
     D:3: 1221 daAuts
     D:5: 1211 daAuts
     D:2: 1080 daAuts
     D:1: 790 daAuts
